 Dungeon Sprint DCSS version 0.21.1-1-g345015fe64 (webtiles) character file.

474 Htamos the Basher (level 7, -3/52 HPs)
             Began as a Gargoyle Fighter on July 11, 2018.
             Slain by Sonja
             ... wielding a +0 short sword of distortion
              (16 damage)
             ... in the Dungeon (Sprint I: "Red Sonja").
             The game lasted 00:02:21 (699 turns).

Htamos the Basher (Gargoyle Fighter)                 Turns: 699, Time: 00:02:22

Health: -3/52      AC: 12    Str: 22    XL:     7   Next: 10%
Magic:  8/8        EV:  8    Int:  8    God:
Gold:   162        SH:  9    Dex:  9    Spells: 6/6 levels left

rFire    . . .     SeeInvis .   a - +0 flail
rCold    . . .     Gourm    .   c - +0 shield
rNeg     + . .     Faith    .   b - +0 scale mail
rPois    ∞         Spirit   .   (no helmet)
rElec    +         Reflect  .   (no cloak)
rCorr    .         Harm     .   (no gloves)
MR       .....     NoTele   +   (no boots)
Stlth    ..........             (no amulet)
HPRegen  0.17/turn              (no ring)
MPRegen  0.11/turn              (no ring)

@: very slightly contaminated
A: negative energy resistance 1, electricity resistance, unbreathing,
petrification resistance, rot immunity, AC +4
a: no special abilities


You were in the Dungeon.
You were not hungry.

You visited 1 branch You collected 162 gold pieces.

Inventory:

Hand Weapons
 a - a +0 flail (weapon)
Armour
 b - a +0 scale mail (worn)
 c - a +0 shield (worn)
Wands
 l - a wand of random effects (33)
Potions
 d - a potion of might
 e - a potion of curing
 h - a potion of haste
 i - 2 potions of magic
 j - a potion of berserk rage
Comestibles
 f - a ration


   Skills:
 + Level 10.3 Fighting
 * Level 10.7 Maces & Flails
 + Level 4.9 Armour
 + Level 0.9 Dodging
 + Level 4.4 Shields
 - Level 1.4 Evocations


You had 6 spell levels left.
You didn't know any spells.

Dungeon Overview and Level Annotations

Branches:
Dungeon (1/1)

Altars:
Makhleb
Sif Muna
Vehumet
Wu Jian
Xom
Jiyva
Lugonu

Annotations:
D Sonja


Innate Abilities, Weirdness & Mutations

You are resistant to torment.
Your stone body is resilient. (AC +4)
You are immune to poison.
You resist negative energy. (rN+)
You are resistant to electric shocks. (rElec)
You can survive without breathing.
You are immune to petrification.
You are immune to rotting.


Message History

There is an open door here.
Evoke which item? (* to show all) (? for menu, Esc to quit)
Okay, then.
As you close the door, it creaks loudly!
You start resting.
You feel much better. You block Sonja's attack. x2
Sonja hits you but does no damage.
You feel a strange sense of stasis.
Your shield and scale mail prevent you from hitting Sonja.
Sonja gestures wildly while chanting.
Sonja blinks!
There is an open door here.
Things that are here:
a dagger of draining; a dyed leather armour You close the door.
Sonja opens the door.
Sonja plants her feet in a plie.
You completely miss Sonja. Sonja hits you but does no damage.
Space warps horribly around you!
* * * LOW HITPOINT WARNING * * *
Sonja hits you but does no damage. Space warps horribly around you!
You die...

###################
#<.#..)..#..'..#__#
#..K@.#..§§.#..'..+
#..#####'#####'#__#
#..# #..# #(####
#..# #### ##(# #..#
#+#_.+ #⌠⌠# +.(._#
#### #_K#'# ##'#(#
#(###


You could see Sonja.

Vanquished Creatures
  A slime creature (D)
  Sigmund (D)
  An ogre (D)
  A jelly (D)
  Ijyb (D)
5 creatures vanquished.

Notes
Turn   | Place    | Note
-------+----------+-------------------------------------------
     0 | D        | Htamos the Gargoyle Fighter began the quest for the Orb.
     0 | D        | Reached XP level 1. HP: 14/14 MP: 1/1
     6 | D        | Noticed Ijyb
    17 | D        | Killed Ijyb
    17 | D        | Reached skill level 5 in Fighting
    17 | D        | Reached XP level 2. HP: 20/21 MP: 2/2
    17 | D        | Reached XP level 3. HP: 25/26 MP: 3/3
    21 | D        | Noticed an ogre
    30 | D        | Killed an ogre
    30 | D        | Reached XP level 4. HP: 5/35 MP: 4/4
   403 | D        | Noticed Sigmund
   413 | D        | Killed Sigmund
   413 | D        | Reached skill level 1 in Evocations
   413 | D        | Reached XP level 5. HP: 39/41 MP: 4/6
   413 | D        | Reached XP level 6. HP: 44/47 MP: 4/7
   472 | D        | Found a burning altar of Makhleb.
   472 | D        | Found a viscous altar of Jiyva.
   472 | D        | Found a shimmering altar of Xom.
   472 | D        | Found a corrupted altar of Lugonu.
   472 | D        | Noticed a slime creature
   484 | D        | Killed a slime creature
   484 | D        | Reached skill level 10 in Fighting
   484 | D        | Reached skill level 10 in Maces & Flails
   484 | D        | Reached XP level 7. HP: 24/52 MP: 8/8
   643 | D        | Found an ornate altar of the Wu Jian Council.
   643 | D        | Found a deep blue altar of Sif Muna.
   649 | D        | Found a radiant altar of Vehumet.
   659 | D        | Noticed Sonja
   699 | D        | Slain by Sonja

Skill      XL: |  1  2  3  4  5  6 |
---------------+-------------------+-----
Fighting       | 5 7 9 10 | 10.3
Maces & Flails | 4 6 9 10 | 10.7
Evocations     | 1 |  1.4
Armour         | 4 |  4.9
Shields        | 4 |  4.4
Dodging        | |  0.9

Action                   |  1- 3 |  4- 6 |  7- 9 || total
-------------------------+-------+-------+-------++-------
Melee: Flail             |    18 |    18 |     9 ||    45
Evoke: Wand              |     1 |     2 |       ||     3
  Use: Scroll            |       |       |     1 ||     1
       Potion            |       |       |     1 ||     1
Armor: Scale mail        |     9 |     6 |    10 ||    25
Dodge: Dodged            |     2 |     2 |    12 ||    16
Block: Shield            |     5 |       |    11 ||    16
